AoeStats
← CazadorGT

Nomad

508531713Analyzed
3v3 RM · 10d ago on Sep 22, 2026· 39m 49s· 6 players
Game mode
Random Map
Map size
210×210
Population
200
Speed
Normal
Resources
Standard
Victory
Conquest
Starting age
Dark Age
Ending age
Imperial Age
RankedLock teamsTeams togetherTeam positionsShared explorationLock speedFull tech treeHidden civsTurbo modeCheats
Victory
Defeat
🇦🇷 Spanish · Argentina
1259
+13
🇵🇪 Italians · Peru
1219
+15
🇨🇴 Huns · Colombia
1099
+19
🇲🇽 Celts · Mexico
1223
-17
🇧🇷 Vietnamese · Brazil
1182
-16
🇬🇹 Malians · Guatemala
1155
-14
CazadorGT
3:22 Loom
17:05 Feudal Age
17:33 Fishing Lines
18:01 Double-Bit Axe
18:51 Gold Mining
21:34 Castle Age
19:42 Stone Mining
20:18 Fletching
21:43 Forging
22:29 Bow Saw
22:29 Bodkin Arrow
23:02 Gillnets
23:32 Town Watch
26:22 Wheelbarrow
27:46 Iron Casting
27:14 Husbandry
29:05 Stone Shaft Mining
28:43 Bloodlines
29:02 Scale Barding Armor
31:53 Chain Barding Armor
35:36 Imperial Age
33:49 Elite Skirmisher
35:45 Heavy Camel Rider
39:09 Conscription
ReiKing
8:42 Loom
14:18 Feudal Age
19:10 Castle Age
17:01 Double-Bit Axe
17:11 Stone Mining
17:39 Gold Mining
21:11 Bow Saw
21:14 Horse Collar
26:29 Heavy Plow
27:09 Wheelbarrow
29:55 Fletching
30:33 Bodkin Arrow
30:39 Town Watch
38:59 Imperial Age
39:29 Ballistics
GUILLOTINA
6:08 Loom
12:59 Feudal Age
17:30 Castle Age
16:04 Fletching
18:15 Bodkin Arrow
tacos4life198
8:42 Loom
13:04 Feudal Age
14:56 Double-Bit Axe
18:29 Forging
18:24 Scale Barding Armor
20:26 Castle Age
20:00 Wheelbarrow
20:02 Bloodlines
19:43 Fishing Lines
20:10 Gold Mining
24:47 Bow Saw
29:07 Iron Casting
29:02 Gillnets
33:09 Fletching
33:20 Padded Archer Armor
37:06 Imperial Age
35:09 Ballistics
35:32 Bodkin Arrow
40:12 Two-Man Saw
MaxTorres04
6:12 Loom
10:19 Loom
12:21 Feudal Age
13:40 Double-Bit Axe
16:05 Wheelbarrow
16:10 Gold Mining
18:39 Castle Age
26:31 Fletching
29:44 Fishing Lines
30:16 Medium Warships
30:23 Medium Warships
34:26 Bodkin Arrow
34:32 Padded Archer Armor
40:59 Imperial Age
EiM | Fenix_ArG!
17:52 Feudal Age
21:40 Castle Age
24:36 Loom
25:29 Padded Archer Armor
33:04 Leather Archer Armor
37:07 Wheelbarrow
36:19 Town Watch
41:40 Imperial Age
Connection lost

Rejoining the realm…

Still unreachable

The connection could not be restored.

Session expired

The server has moved on; the page needs a fresh start.